 Dungeon Crawl Stone Soup version 0.24.1-14-gf8d2b509d9 (webtiles) character file.

Game seed: 17060686928356791187, levelgen mode: deterministic

713 Delver the Conjurer (level 7, -1/53 HPs)
             Began as a White Draconian Conjurer on May 30, 2020.
             Was a Follower of Vehumet.
             Slain by an orc warrior
             ... wielding a +0 flail
              (20 damage)
             ... on level 5 of the Dungeon.
             The game lasted 01:43:13 (5741 turns).

Delver the Conjurer (White Draconian Conjurer)      Turns: 5741, Time: 01:43:13

Health: -1/53      AC:  6    Str:  8 (11) XL:     7   Next: 41%
Magic:  0/12       EV: 12    Int: 16 (17) God:    Vehumet [*.....]
Gold:   182        SH:  0    Dex: 10 (11) Spells: 1/12 levels left

rFire    . . .     SeeInvis .   d - +3 whip (vamp)
rCold    + . .     Gourm    .   (no shield)
rNeg     . . .     Faith    +   (armour unavailable)
rPois    .         Spirit   .   (helmet restricted)
rElec    .         Reflect  .   (no cloak)
rCorr    .         Harm     .   (no gloves)
MR       .....                  (no boots)
Stlth    ++........             g - amulet of faith
HPRegen  0.17/turn              w - ring of wizardry
MPRegen  0.13/turn              (no ring)

@: no status effects
A: breathe frost, unfitting armour, cold resistance 1, cold-blooded, AC +6
a: Breathe Frost, Renounce Religion


You were on level 5 of the Dungeon.
You worshipped Vehumet.
Vehumet was aware of your devotion.
You were hungry.

You visited 2 branches of the dungeon, and saw 7 of its levels.

You collected 182 gold pieces.

Inventory:

Hand Weapons
 d - a +3 vampiric whip (weapon)
 e - a +0 club
 h - a +0 spear
 n - a +1 dagger of speed
 o - a +0 hunting sling
 q - a +0 long sword
 v - a +0 whip of draining
 y - a +0 hunting sling
Missiles
 c - 27 sling bullets
 i - 38 poisoned darts (quivered)
 k - 103 stones
 t - 41 bolts
Armour
 a - a cursed +0 helmet
Jewellery
 g - an amulet of faith (around neck)
 w - a ring of wizardry (left hand)
Wands
 m - a wand of polymorph (11)
 r - a wand of random effects (5)
Scrolls
 f - 4 scrolls of remove curse
 l - 2 scrolls of identify
 s - a scroll of immolation
 u - a scroll of enchant armour
 B - a scroll of fog {unknown}
 D - a scroll of teleportation
Potions
 j - a potion of ambrosia
 x - a potion of cancellation
 z - a potion of might {unknown}
 A - 2 potions of curing
 C - a potion of haste
Comestibles
 b - 5 rations


   Skills:
 + Level 1.8 Fighting
 * Level 3.4 Maces & Flails
 + Level 3.4 Throwing
 + Level 2.2 Dodging
 + Level 2.2 Stealth
 + Level 3.3 Spellcasting
 * Level 5.7 Conjurations
 + Level 0.7 Evocations


You had one spell level left.
You knew the following spells:

 Your Spells              Type           Power        Failure   Level  Hunger
a - Magic Dart            Conj           ###.         1%          1    None
b - Searing Ray           Conj           ###...       1%          2    ##.....
c - Iskenderun's Mystic   Conj           ###.....     7%          4    ####...
d - Force Lance           Conj/Tloc      ##......     22%         4    ####...

Your spell library contained the following spells:

 Spells                   Type           Power        Failure   Level  Hunger
 Sting                    Conj/Pois      ##..         2%          1    None
 Dazzling Spray           Conj/Hex       ##....       7%          3    ###....
 Fulminant Prism          Conj/Hex       ##........   22%         4    ####...


Dungeon Overview and Level Annotations

Branches:
Dungeon (6/15)             Temple (1/1) D:4

Altars:
Dithmenos
Fedhas
Hepliaklqana
Makhleb
Nemelex Xobeh
Okawaru
Qazlal
Ru
Trog
Uskayaw
Vehumet
Xom
Yredelemnul
Zin
The Shining One


Innate Abilities, Weirdness & Mutations

You can breathe waves of freezing cold.
You can buffet flying creatures when you breathe cold.
Your icy white scales are hard. (AC +6)
You cannot fit into any form of body armour.
Your flesh is cold resistant. (rC+)
You are cold-blooded and may be slowed by cold attacks.


Message History

The orc warrior hits you with a +0 flail.
Evoke which item? (* to show all) (? for menu, Esc to quit)
Aiming: Random Effects
Press: ? - help, Shift-Dir - straight line, f/p - orc warrior
Aim: an orc warrior, wielding a +0 flail and wearing a +0 plate armour (moderately wounded)
The fireball explodes!
The fireball engulfs the orc warrior!
The orc warrior is severely wounded.
Casting: Iskenderun's Mystic Blast (safe; 7% risk of failure)
Confirm with . or Enter, or press ? or * to list all spells.
Aiming: Iskenderun's Mystic Blast (safe; 7% risk of failure)
Press: ? - help, Shift-Dir - straight line, f/p - orc warrior
Aim: an orc warrior, wielding a +0 flail and wearing a +0 plate armour (severely wounded)
The orb of energy hits the orc warrior.
The orc warrior is almost dead.
The orb of energy explodes!
The orc warrior hits you with a +0 flail!
You barely miss the orc warrior.
The orc warrior is almost dead.
The orc warrior hits you with a +0 flail!!
You die...

#############
#...........##
######.###...###o.#
.....#.# #...# #@.#######
####.#.###.#.###........#
####.#.##.#.......#####.#
#........###...##.# #.#
.....####.#.......# #.#
#.#### ##.#.###### #.#
#.# ###.# ###.##### #(##
#.# #.......# #>.# ##+##
#.......#


You could see an orc warrior.

Vanquished Creatures
  2 phantoms
  A scorpion (D:4)
  A howler monkey (D:5)
  3 crimson imps
  A bullfrog zombie (D:5)
  2 hounds
  2 orc wizards (D:4)
  2 worker ants (D:4)
  6 adders
  2 worms
  4 dart slugs
  2 leopard geckos
  8 orcs
  9 bats
  4 giant cockroaches
  4 goblins
  9 hobgoblins
  5 jackals (D:3)
  3 quokkas
  A ball python (D:1)
  4 frilled lizards
  6 kobolds
  6 rats
87 creatures vanquished.

Notes
Turn   | Place    | Note
-------+----------+-------------------------------------------
     0 | D:1      | Delver the Draconian Conjurer began the quest for the Orb.
     0 | D:1      | Reached XP level 1. HP: 14/14 MP: 3/3
   309 | D:1      | Reached XP level 2. HP: 20/20 MP: 0/5
   313 | D:1      | Learned a level 2 spell: Searing Ray
   856 | D:2      | Reached XP level 3. HP: 26/26 MP: 1/6
  1463 | D:2      | Reached skill level 5 in Conjurations
  2122 | D:3      | Reached XP level 4. HP: 26/33 MP: 7/7
  2185 | D:3      | Reached skill level 1 in Maces & Flails
  2489 | D:3      | Reached skill level 1 in Throwing
  2738 | D:3      | Found a shadowy altar of Dithmenos.
  3123 | D:4      | Reached XP level 5. HP: 39/39 MP: 5/8
  3129 | D:4      | Learned a level 4 spell: Iskenderun's Mystic Blast
  3242 | D:4      | Found a staircase to the Ecumenical Temple.
  3294 | Temple   | Entered the Ecumenical Temple
  3515 | Temple   | Became a worshipper of Vehumet
  3653 | D:4      | Noticed a phantom
  3706 | D:4      | Killed a phantom
  3706 | D:4      | Reached XP level 6. HP: 26/46 MP: 0/10
  4048 | D:2      | Reached skill level 1 in Fighting
  4497 | D:4      | Your scales start taking on an icy white colour.
  4497 | D:4      | Reached XP level 7. HP: 53/53 MP: 6/11
  4497 | D:4      | Gained mutation: Your flesh is cold resistant. (rC+) [White
                  | Draconian growth]
  4830 | D:5      | Entered Level 5 of the Dungeon
  4937 | D:5      | Learned a level 4 spell: Force Lance
  4948 | D:5      | Reached * piety under Vehumet
  4948 | D:5      | Offered knowledge of Sting by Vehumet.
  5741 | D:5      | Slain by an orc warrior

Levels and vault maps discovered:
D:1:      psy_arrival_spokes, layout_basic, skrybe_limestone_x
D:2:      layout_loops_corners
D:3:      layout_loops_corners, marbit_many_paths, first_ration
D:4:      layout_basic, minmay_temple_entry_large_hall
D:5:      layout_loops_corners
D:6:      layout_rooms, kiku_gazebo_garden_becter, serial_shops, shop_statue,
          minmay_misc_feat_x
Temple:   dpeg_chambers_temple

Skill      XL: |  1  2  3  4  5  6  7 |
---------------+----------------------+-----
Conjurations   | 5 |  5.7
Maces & Flails | 1 2 3 |  3.4
Throwing       | 1 2 3 |  3.4
Stealth        | 2 |  2.2
Dodging        | 2 |  2.2
Fighting       | 1 |  1.8
Spellcasting   | 3 |  3.3
Evocations     | |  0.7

Action                   |  1- 3 |  4- 6 |  7- 9 || total
-------------------------+-------+-------+-------++-------
Melee: Club              |    15 |       |       ||    15
       Whip              |    27 |    79 |    22 ||   128
       Tailslap          |     3 |     4 |       ||     7
Throw: Dart              |    22 |    70 |    30 ||   122
 Cast: Magic Dart        |    43 |    45 |     8 ||    96
       Searing Ray       |     4 |     7 |     4 ||    15
       Iskenderun's Myst |       |    13 |    10 ||    23
 Abil: Breathe Frost     |       |       |     1 ||     1
Evoke: Wand              |       |    13 |     3 ||    16
  Use: Scroll            |     2 |     3 |     3 ||     8
       Potion            |       |     4 |     2 ||     6
  Eat: Chunk             |     2 |     2 |     3 ||     7
       Ration            |     1 |     3 |       ||     4
Armor: Skin              |    19 |    29 |     6 ||    54
Dodge: Dodged            |    27 |    49 |    17 ||    93
